 Dungeon Crawl Stone Soup version 0.20.1-1-g8b1a95d (webtiles) character file.

63 equalderp2856 the Skirmisher (level 3, -2/29 HPs)
             Began as a Mummy Fighter on Oct 25, 2017.
             Slain by an adder (3 damage)
             ... on level 2 of the Dungeon.
             The game lasted 00:03:50 (2140 turns).

equalderp2856 the Skirmisher (Mummy Fighter)        Turns: 2140, Time: 00:03:51

Health: -2/29      AC:  6    Str: 19    XL:     3   Next: 87%
Magic:  4/4        EV:  7    Int:  8    God:
Gold:   90         SH:  8    Dex: 11    Spells: 4/4 levels left

rFire    x . .     SeeInvis .   a - +0 war axe
rCold    + . .     Gourm    .   c - +0 shield
rNeg     + + +     Faith    .   b - +0 scale mail
rPois    ∞         Spirit   .   (no helmet)
rElec    .         Reflect  .   (no cloak)
rCorr    .         Harm     .   (no gloves)
MR       .....                  (no boots)
Stlth    ..........             (no amulet)
Regen    0.1/turn               (no ring)
MPRegen  0.1/turn               (no ring)

@: no status effects
A: no food or potions, fire vulnerability, cold resistance 1, negative energy
resistance 3, torment resistance, unbreathing
a: no special abilities


You were on level 2 of the Dungeon.
You were not hungry.

You visited 1 branch of the dungeon, and saw 3 of its levels.

You collected 90 gold pieces.

Inventory:

Hand Weapons
 a - a +0 war axe (weapon)
 j - a cursed -3 war axe
Armour
 b - a +0 scale mail (worn)
 c - a +0 shield (worn)
Jewellery
 f - an uncursed ring of resist corrosion {unknown}
 i - a cursed ring of loudness {unknown}
Scrolls
 d - 3 scrolls of identify
 e - a scroll of remove curse {unknown}
 g - a scroll of fog {unknown}
 h - a scroll of blinking {unknown}


   Skills:
 + Level 3.3 Fighting
 * Level 2.5 Axes
 + Level 2.5 Armour
 + Level 0.4 Dodging
 + Level 2.7 Shields
 * Level 1.2 Spellcasting


You had 4 spell levels left.
You didn't know any spells.

Dungeon Overview and Level Annotations

Branches:
Dungeon (3/15)

Altars:

Annotations:
D:2 1 runed door
D:3 Tr0llz0r's ghost, amateur DrBe


Innate Abilities, Weirdness & Mutations

You do not eat or drink.
Your flesh is vulnerable to fire.
You are immune to poison.
Your flesh is cold resistant. (rC+)
You are immune to negative energy. (rN+++)
You are immune to unholy pain and torment.
You can survive without breathing.


Message History

You miss the adder.
The adder is heavily wounded.
The adder bites you but does no damage.
You closely miss the adder.
The adder is heavily wounded.
The adder barely misses you. The adder bites you.
* * * LOW HITPOINT WARNING * * *
You barely miss the adder.
The adder is heavily wounded.
You block the adder's attack. The adder bites you but does no damage.
You closely miss the adder.
The adder is heavily wounded.
The adder closely misses you. The adder completely misses you.
You miss the adder.
The adder is heavily wounded.
The adder closely misses you. The adder bites you but does no damage.
You miss the adder.
The adder is heavily wounded.
The adder bites you.
You die...

.# #..8..##..# #....#.#. .#
#.....##..# #....#.#. .#####
#.........# #....#.#. .....#
#.....)...# ###..#.#. .....#
#.........##########..#.#.
.....###....................÷#.#.
..............................>#.
...##########..#.#######.###.###.
...# #.......#@#######.###.###'
'#######........S................
....)..'........#.[.....†....#...
########...............#+#####...
#######.#..###........#...
#.#..#..........#)..
#.#..#..........#..<
#.#..#..........#...
#.#.(#..........#...


You could see an adder.

Vanquished Creatures
  An adder (D:2)
  2 worms
  2 dart slugs
  2 leopard geckos
  2 orcs (D:3)
  2 giant cockroaches
  8 hobgoblins
  A ball python (D:2)
  6 bats
  4 goblins
  6 kobolds
  3 rats
39 creatures vanquished.

Notes
Turn   | Place    | Note
-------+----------+-------------------------------------------
     0 | D:1      | equalderp2856 the Mummy Fighter began the quest for the Orb.
     0 | D:1      | Reached XP level 1. HP: 18/18 MP: 1/1
   412 | D:1      | Reached XP level 2. HP: 24/24 MP: 2/2
   915 | D:2      | Reached XP level 3. HP: 19/29 MP: 3/3
  1028 | D:2      | Found a faded altar of an unknown god.
  1144 | D:2      | You fall through a shaft!
  1158 | D:3      | Reached skill level 1 in Spellcasting
  1336 | D:2      | Found a runed door.
  1823 | D:3      | Noticed Tr0llz0r's ghost (amateur DrBe)
  2136 | D:2      | HP: 1/29 [adder (4)]
  2140 | D:2      | Slain by an adder

Skill      XL: |  1  2  3 |
---------------+----------+-----
Axes           | 2 |  2.5
Spellcasting   | 1 |  1.2
Fighting       | |  3.3
Armour         | |  2.5
Dodging        | |  0.4
Shields        | |  2.7

Action                   || total
-------------------------++-------
Melee: War axe           ||   169
  Use: Scroll            ||     1
Armor: Scale mail        ||    90
Dodge: Dodged            ||    54
Block: Shield            ||    98
